 Dungeon Crawl Stone Soup version 0.22-a0-571-g4a923d4b9e (webtiles) character file.

27 Kholdaimon the Charlatan (level 2, 0/14 HPs)
             Began as a Spriggan Artificer on July 1, 2018.
             Succumbed to an adder's poison
             ... on level 1 of the Dungeon.
             The game lasted 00:10:06 (2528 turns).

Kholdaimon the Charlatan (Spriggan Artificer)       Turns: 2528, Time: 00:10:07

Health: 0/14       AC:  2    Str:  8    XL:     2   Next: 93%
Magic:  6/6        EV: 19    Int: 12    God:
Gold:   55         SH:  0    Dex: 16    Spells: 1/1 levels left

rFire    . . .     SeeInvis +   a - +0 short sword
rCold    . . .     Gourm    .   (shield restricted)
rNeg     . . .     Faith    .   b - +0 robe
rPois    .         Spirit   .   (helmet restricted)
rElec    .         Reflect  .   (no cloak)
rCorr    .         Harm     .   (gloves unavailable)
MR       .....                  (boots unavailable)
Stlth    ++........             (no amulet)
HPRegen  0.04/turn              (no ring)
MPRegen  0.10/turn              (no ring)

@: lethally poisoned (0 -> -8), very quick
A: very small, unfitting armour, see invisible, herbivore, speed 3, slow
metabolism 2
a: no special abilities


You were on level 1 of the Dungeon.
You were not hungry.

You visited 1 branch of the dungeon, and saw 2 of its levels.

You collected 55 gold pieces.

Inventory:

Hand Weapons
 a - a +0 short sword (weapon)
 m - a +0 dagger
 p - a +1 dagger of venom
Missiles
 g - 4 curare-tipped needles
 n - 42 stones (quivered)
 q - 8 javelins of penetration
 u - 14 arrows
Armour
 b - a +0 robe (worn)
Wands
 c - a wand of flame (14)
 d - a wand of enslavement (15)
 e - a wand of random effects (15)
Scrolls
 h - a scroll of teleportation {unknown}
 i - 2 scrolls of remove curse {unknown}
 k - a scroll of fog {unknown}
 o - a scroll of amnesia {unknown}
 s - a scroll of identify {unknown}
Potions
 j - 2 potions of haste {unknown}
 l - a potion of might {unknown}
 r - a potion of brilliance {unknown}
 t - 2 potions of heal wounds {unknown}
Comestibles
 f - 3 rations


   Skills:
 + Level 1.2 Fighting
 + Level 1.7 Short Blades
 + Level 3.5 Dodging
 + Level 2.4 Stealth
 + Level 4.3 Evocations


You had one spell level left.
You didn't know any spells.
Your spell library was empty.

Dungeon Overview and Level Annotations

Branches:
Dungeon (2/15)

Altars:


Innate Abilities, Weirdness & Mutations

You are very small and have problems with some larger weapons.
You are too small for most types of armour.
You have supernaturally acute eyesight. (SInv)
You are a herbivore.
You cover ground extremely quickly.
You need to consume almost no food.


Message History

The adder closely misses you. The adder bites you.
You hit the adder but do no damage.
The adder is lightly wounded.
The adder bites you.
You are poisoned.
The adder poisons you!
You feel sick.
There is a stone staircase leading up here.
The adder bites you.
* * * LOW HITPOINT WARNING * * *
You climb upwards.
* * * LOW HITPOINT WARNING * * *
You feel sick.
There is a stone staircase leading down here.
There is an open door here.
* * * LOW HITPOINT WARNING * * *
You feel sick.
* * * LOW HITPOINT WARNING * * *
You feel sick.
You die...

.####### #.##.# #..##......##.##.
.# #.##.###..##.#.##.##.... .#
#..............##.##.##. '##
####.#######.#.##.##.##. ..## #.#
#.#.......##. ...## ####.#
#.####....... ....## ##.##.#
#.##.######..
....>####...#.#######.#...####...
.....'.....S....@............'...
.....####...#.#######.#..)####...
....## ##....# #.#.....# ##..
...## ##.### ##.####.# ##. ..##
#.# ### #.# ## '## #.# #.# # .#
#.# #.# .######## #.# #.#
.#......# #.# #.# #


You could see an adder.

Vanquished Creatures
  An ooze (D:1)
  2 dart slugs (D:1)
  A giant cockroach (D:2)
  2 goblins (D:1)
  2 hobgoblins
  A jackal (D:2)
  3 bats (D:1)
  2 frilled lizards
  3 kobolds (D:1)
  3 rats (D:1)
20 creatures vanquished.

Notes
Turn   | Place    | Note
-------+----------+-------------------------------------------
     0 | D:1      | Kholdaimon the Spriggan Artificer began the quest for the Orb.
     0 | D:1      | Reached XP level 1. HP: 9/9 MP: 4/4
   600 | D:1      | Reached skill level 1 in Fighting
   620 | D:1      | Reached XP level 2. HP: 14/14 MP: 6/6
  2528 | D:1      | Succumbed to an adder's poison

Vault maps used:
D:1:      lightli_arrival_farm
D:2:      nicolae_ru_the_path_less_chosen, grunt_temple_overflow_open,
          uniq_natasha

Skill      XL: |  1 |
---------------+----+-----
Fighting       | 1 |  1.2
Stealth        | 2 |  2.4
Short Blades   | |  1.7
Dodging        | |  3.5
Evocations     | |  4.3

Action                   || total
-------------------------++-------
Melee: Short sword       ||    84
Throw: Stone             ||    11
Evoke: Wand              ||     1
 Stab: Sleeping          ||     3
Armor: Robe              ||     7
Dodge: Dodged            ||    63

Table legend:
 A = Spawn XP
 B = Non-spawn XP
 C = Spawn XP percentage of total XP
 D = Spawn monster count
 E = Non-spawn monster count
 F = Spawn count percentage of total count
 G = Total turns spent on level
                    A         B        C        D         E        F      G
               +---------+---------+-------+---------+---------+-------+---------
         Total |       0 |      39 |   0.0 |       0 |      20 |   0.0 |  2528
               +---------+---------+-------+---------+---------+-------+---------
           D:1 |       0 |      32 |   0.0 |       0 |      16 |   0.0 |  2114
           D:2 |       0 |       7 |   0.0 |       0 |       4 |   0.0 |   414
               +---------+---------+-------+---------+---------+-------+---------
